 Dungeon Crawl Stone Soup version 0.19-a0-811-gf4045fb (webtiles) character file.

5331 Ordine the Martial Artist (level 10, -8/67 (72) HPs)
             Began as an Octopode Monk on June 27, 2016.
             Was a High Priest of Cheibriados.
             Shot with an arrow by a centaur (9 damage)
             ... on level 10 of the Dungeon on June 28, 2016.
             The game lasted 00:37:38 (9318 turns).

Ordine the Martial Artist (Octopode Monk)           Turns: 9318, Time: 00:37:39

HP:   -8/67 (72)    AC:  1    Str: 21    XL:     10   Next: 64%
MP:   10/10         EV: 17    Int: 27    God:    Cheibriados [*****.]
Gold: 277           SH:  0    Dex: 24    Spells: 1 memorised, 3 levels left

rFire  . . .     SeeInvis +       - Unarmed
rCold  . . .     Gourm    .     (no shield)
rNeg   . . .     Faith    .     (helmet restricted)
rPois  +         Spirit   .     d - amulet of regeneration
rElec  .         Dismiss  .     f - +1 ring of evasion
rCorr  +         Reflect  .     p - ring of see invisible
SustAt .         Harm     .     w - ring of resist corrosion
MR     +....                    C - ring of protection from magic
Stlth  +++++.....               E - ring of poison resistance
                                (no ring)
                                (no ring)
                                (no ring)

@: very slow, somewhat resistant to hostile enchantments, quite stealthy
A: almost no armour, amphibious, 8 rings, constrict 8, camouflage 1, clumsy 1,
wild magic 1, gelatinous body 1
a: Bend Time, Temporal Distortion, Slouch, Step From Time, Renounce Religion


You were on level 10 of the Dungeon.
You worshipped Cheibriados.
Cheibriados was extremely pleased with you.
You were hungry.

You visited 2 branches of the dungeon, and saw 11 of its levels.

You collected 557 gold pieces.
You spent 280 gold pieces at shops.

Inventory:

Missiles
 y - 188 stones (quivered)
Magical Staves
 c - an uncursed staff of air
 v - an uncursed staff of cold
Jewellery
 d - an amulet of regeneration (around mantle)
 f - a +1 ring of evasion (left tentacle)
 i - an uncursed amulet of magic regeneration
 p - a ring of see invisible (right tentacle)
 w - a ring of resist corrosion (on tentacle)
 C - a ring of protection from magic (on tentacle)
 E - a ring of poison resistance (on tentacle)
Wands
 r - a wand of flame (13/48)
 F - a wand of slowing (24/48)
Scrolls
 e - a scroll of recharging
 g - a scroll of noise
 j - 4 scrolls of teleportation
 k - a scroll of amnesia
 o - 5 scrolls of fear
 s - a scroll of magic mapping
 t - 2 scrolls of enchant weapon
 x - a scroll of fog
 A - 2 scrolls of blinking
Potions
 b - a potion of brilliance
Books
 l - the Compendium of Earthen Venom
   (You found it on level 5 of the Dungeon)

   Spells                             Type                      Level
   a - Sandblast                      Earth                        1
   b - Passwall                       Transmutation/Earth          2
   c - Stone Arrow                    Conjuration/Earth            3
   d - Olgreb's Toxic Radiance        Poison                       4
   e - Petrify                        Transmutation/Earth          4
   f - Statue Form                    Transmutation/Earth          6
 u - a book of the Tempests

   Spells                             Type                      Level
   a - Static Discharge               Conjuration/Air              3
   b - Lightning Bolt                 Conjuration/Air              5
   c - Fireball                       Conjuration/Fire             5
   d - Tornado                        Air                          9
   e - Shatter                        Earth                        9
Miscellaneous
 D - a sack of spiders
Comestibles
 a - 10 bread rations
 h - 4 meat rations
 m - a beef jerky
 n - 2 fruits
 z - 2 slices of pizza


   Skills:
 + Level 7.7 Fighting
 * Level 4.9 Dodging
 - Level 7.0 Stealth
 - Level 10.0 Unarmed Combat
 + Level 5.6 Transmutations
 + Level 5.5 Earth Magic


You had 3 spell levels left.
You knew the following spells:

 Your Spells              Type           Power        Failure   Level  Hunger
a - Statue Form           Tmut/Erth      #####....    99%         6    #######


Dungeon Overview and Level Annotations

Branches:
Dungeon (10/15)            Temple (1/1) D:6
   Lair: D:8-11         Orc: D:9-12

Altars:
Ashenzari
Cheibriados
Dithmenos
Elyvilon
Fedhas
Hepliaklqana
Kikubaaqudgha
Makhleb
Nemelex Xobeh
Okawaru
Pakellas
Qazlal
Ru
Sif Muna
Trog
Uskayaw
Vehumet
Xom
Yredelemnul
Zin
The Shining One

Shops:
D:4 [   D:7 =   D:8 :   D:9 (   D:10 [

Annotations:
D:8 exclusion: 2 downstairs
D:9 exclusions: hungry ghost, ice beast and ugly thing
D:10 exclusion: elephant


Innate Abilities, Weirdness & Mutations

You cannot wear most types of armour.
You are amphibious.
You can wear up to eight rings at the same time.
You can use your tentacles to constrict eight enemies at once.
Your skin changes colour to match your surroundings (Stealth+).
Your rubbery body absorbs attacks. (AC +1)
You are clumsy. (Dex -2)
Your spells are a little harder to cast, but a little more powerful.


Message History

You are confused.
You feel invigorated. The centaur hits you.
* * * LOW HITPOINT WARNING * * *
The centaur wields an uncursed shortbow.
The centaur shoots an arrow.
The arrow hits you!
* * * LOW HITPOINT WARNING * * *
The centaur unwields an uncursed shortbow.
The centaur barely misses you.
You see here 2 arrows.
You closely miss the centaur. The centaur hits you.
* * * LOW HITPOINT WARNING * * *
You bump into the rock wall.
The centaur hits you!
* * * LOW HITPOINT WARNING * * *
You feel less invigorated.
You feel less confused.
The centaur wields an uncursed shortbow.
The centaur shoots an arrow.
The arrow hits you!
* * * LOW HITPOINT WARNING * * *
The centaur shoots an arrow.
The arrow hits you!
You die...

#.# #.#
###.#############################
.................................
#..........##...################.
#....#####.##..............# #.
.....# #.##....###.#####<# #(
#.#.<# #.##....###.# #.# #.
..#..# #.#....@(c..#####.### #.
..#..## #.#.###(....#.......# #.
#.....# #.#.†...!...#.....#.# #.
#.#.### #...((......#.....#.# #.
#.#.########.........#.....#.# #.
#.#.#................#.....#.# #.
#.#.#.#####..#.#####.#.....#.# #.
#.#.#.# #..#.# #.#..=.##.# #.
#+#.#.# #..#.# #>#.#.###.###.


You could see a centaur.

Vanquished Creatures
  Grinder (D:3)
  Prince Ribbit (D:6)
  A spriggan (D:7)
  A wyvern (D:8)
  3 hippogriffs
  Menkaure (D:7)
  A water moccasin (D:10)
  A sky beast (D:7)
  An orc warrior (D:9)
  An ice beast (D:8)
  8 ogres
  The ghost of zervinho the Cudgeler, an amateur MiFi (D:3)
  3 necrophages (D:8)
  A wasp (D:10)
  6 centaurs
  8 giant frogs
  2 scorpions
  A vampire bat (D:5)
  4 howler monkeys
  3 giant frog zombies
  5 crimson imps
  A centaur zombie (D:9)
  8 hounds
  An orc priest (D:9)
  2 jellies
  2 orc wizards
  A centaur skeleton (D:9)
  A giant frog skeleton (D:10)
  Natasha (D:4)
  6 worker ants
  4 iguanas
  A killer bee zombie (D:7)
  A sheep (D:10)
  2 hound zombies (D:8)
  A hound skeleton (D:5)
  A worker ant zombie (D:5)
  Robin (D:4)
  10 adders
  An ooze (D:3)
  2 adder skeletons
  A worm (D:2)
  A dart slug (D:3)
  9 giant geckos
  18 orcs
  2 ball pythons
  9 bats
  2 bat skeletons (D:5)
  2 bat zombies (D:5)
  5 giant cockroaches
  16 goblins
  6 hobgoblins
  18 jackals
  3 kobolds
  6 quokkas
  A ball python skeleton (D:4)
  3 giant newts
  A jackal skeleton (D:6)
  2 rats
206 creatures vanquished.

Vanquished Creatures (others)
  2 bushes (D:8)
  4 plants (D:8)
6 creatures vanquished.

Grand Total: 212 creatures vanquished

Notes
Turn   | Place    | Note
--------------------------------------------------------------
     0 | D:1      | Ordine the Octopode Monk began the quest for the Orb.
     0 | D:1      | Reached XP level 1. HP: 16/16 MP: 1/1
   446 | D:1      | Reached XP level 2. HP: 14/21 MP: 2/2
  1317 | D:2      | Reached XP level 3. HP: 9/26 MP: 3/3
  1592 | D:2      | Found a glowing golden altar of the Shining One.
  2121 | D:3      | Reached skill level 4 in Unarmed Combat
  2148 | D:3      | Reached XP level 4. HP: 28/31 MP: 4/4
  2199 | D:3      | Noticed zervinho's ghost (amateur MiFi)
  2227 | D:3      | Killed zervinho's ghost
  2227 | D:3      | Reached XP level 5. HP: 35/37 MP: 5/5
  2555 | D:3      | Noticed Grinder
  2556 | D:3      | Paralysed by Grinder for 4 turns
  2566 | D:3      | Paralysed by Grinder for 7 turns
  2579 | D:3      | Killed Grinder
  2579 | D:3      | Reached skill level 5 in Stealth
  2579 | D:3      | Reached skill level 5 in Unarmed Combat
  2579 | D:3      | Reached XP level 6. HP: 16/43 MP: 6/6
  3157 | D:4      | Reached XP level 7. HP: 43/49 MP: 7/7
  3361 | D:4      | Found Orchoum's Antique Armour Boutique.
  3414 | D:4      | Reached skill level 6 in Unarmed Combat
  3464 | D:4      | Noticed Natasha
  3470 | D:4      | Killed Natasha
  3473 | D:4      | Noticed Robin
  3479 | D:4      | Gained mutation: Your spells are a little harder to cast, but a little more powerful. [potion of mutation]
  3479 | D:4      | Gained mutation: You are clumsy. (Dex -2) [potion of mutation]
  3506 | D:4      | Killed Robin
  4020 | D:5      | Entered Level 5 of the Dungeon
  4188 | D:5      | Found an ancient bone altar of Kikubaaqudgha.
  4323 | D:5      | Found a shadowy altar of Dithmenos.
  4474 | D:5      | Identified the Compendium of Earthen Venom
  4475 | D:5      | Found a radiant altar of Vehumet.
  4483 | D:5      | Learned a level 6 spell: Statue Form
  4588 | D:5      | Found an oddly glowing altar of Pakellas.
  4591 | D:5      | Found a bloodstained altar of Trog.
  4594 | D:5      | Found a hide-covered altar of Uskayaw.
  4740 | D:6      | Reached skill level 5 in Fighting
  4740 | D:6      | Reached skill level 7 in Unarmed Combat
  4740 | D:6      | Reached XP level 8. HP: 55/55 MP: 8/8
  4750 | D:6      | Noticed Prince Ribbit
  4767 | D:6      | HP: 1/55 [Prince Ribbit (14)]
  4869 | D:6      | Reached skill level 1 in Transmutations
  4872 | D:6      | Killed Prince Ribbit
  4872 | D:6      | Reached skill level 1 in Earth Magic
  4957 | D:6      | Found an iron altar of Okawaru.
  5314 | D:6      | Reached skill level 8 in Unarmed Combat
  5393 | D:6      | Found a staircase to the Ecumenical Temple.
  5417 | Temple   | Entered the Ecumenical Temple
  5515 | Temple   | Became a worshipper of Cheibriados the Contemplative
  5515 | Temple   | Reached * piety under Cheibriados
  5515 | Temple   | Reached ** piety under Cheibriados
  5863 | D:7      | Noticed Menkaure
  5874 | D:7      | Killed Menkaure
  5874 | D:7      | Reached XP level 9. HP: 47/62 MP: 9/9
  6083 | D:7      | Found an oddly glowing altar of Pakellas.
  6103 | D:7      | Found Rekuewk's Jewellery Boutique.
  6111 | D:7      | Bought an uncursed ring of resist corrosion for 280 gold pieces
  6713 | D:8      | Reached skill level 9 in Unarmed Combat
  6794 | D:8      | Reached *** piety under Cheibriados
  7030 | D:8      | Found Zayrimp's Book Emporium.
  7318 | D:8      | Found a blossoming altar of Fedhas.
  7596 | D:8      | Reached XP level 10. HP: 45/66 MP: 10/10
  7867 | D:9      | Reached **** piety under Cheibriados
  7889 | D:9      | Reached skill level 10 in Unarmed Combat
  7910 | D:9      | Noticed a brown ugly thing
  8026 | D:9      | Reached skill level 5 in Transmutations
  8116 | D:9      | Reached skill level 5 in Earth Magic
  8192 | D:9      | Found Naretiaz's Antique Weapon Boutique.
  8565 | D:10     | Entered Level 10 of the Dungeon
  8568 | D:10     | Found Ohopoin's Antique Armour Shop.
  8621 | D:10     | Found a shimmering altar of Xom.
  8884 | D:10     | Noticed an elephant
  8926 | D:10     | Reached ***** piety under Cheibriados
  9318 | D:10     | HP: 1/67 [centaur/arrow (15)]
  9318 | D:10     | Shot with an arrow by a centaur

Vault maps used:
D:1:      minmay_arrival_nine_rooms, minmay_misc_feat_chi
D:2:      nicolae_overflow_crystal_walls
D:3:      minmay_fountain_box, hangedman_decor_growths, uniq_grinder
D:4:      serial_shops, shop, uniq_robin, uniq_natasha
D:5:      kennysheep_vampire_church, nicolae_dithmenos_shadow_blocks,
          vehumet_altar_wand_db, grunt_temple_overflow_diamond, first_bread
D:6:      okawaru_ov_weapons_minmay, uniq_prince_ribbit1
D:7:      basic_altar, serial_shops, shop, moated_statue, the_bakery,
          minivault_26, minmay_misc_feat_five, uniq_menkaure
D:8:      serial_shops, shop, fedhas_altar_decomposition
D:9:      minitemple, serial_shops, shop
D:10:     david_lair_generic, basic_altar, serial_shops, shop
Temple:   dshaligram_water_room_temple

Skill      XL: |  1  2  3  4  5  6  7  8  9 10 |
---------------+-------------------------------+-----
Stealth        | 3 4 5 7 |  7.0
Unarmed Combat | 4 5 7 8 9 10 | 10.0
Fighting       | 4 5 7 |  7.7
Transmutations | 3 4 5 |  5.6
Earth Magic    | 2 4 5 |  5.5
Dodging        | 4 |  4.9

Action                   |  1- 3 |  4- 6 |  7- 9 | 10-12 || total
-------------------------+-------+-------+-------+-------++-------
Melee: Unarmed           |    76 |    71 |   274 |   106 ||   527
       Constrict         |    19 |    14 |    52 |    26 ||   111
       Tentacles         |     9 |    12 |    51 |    27 ||    99
       Punch             |       |     2 |    20 |    13 ||    35
Throw: Stone             |       |       |       |     3 ||     3
 Cast: Statue Form       |       |       |     1 |     1 ||     2
Evoke: Wand              |       |       |     6 |       ||     6
  Use: Scroll            |     7 |       |    12 |     3 ||    22
       Potion            |       |     4 |    10 |     4 ||    18
 Stab: Sleeping          |    11 |     5 |    23 |     8 ||    47
       Invisible         |       |       |     1 |       ||     1
       Distracted        |       |       |       |     1 ||     1
  Eat: Chunk             |     4 |     3 |    11 |     4 ||    22
Armor: Skin              |     9 |     9 |    24 |    18 ||    60
Dodge: Dodged            |    57 |    30 |   195 |    62 ||   344
